 Dungeon Crawl Stone Soup version 0.31-a0-609-g7bf6ffcfed (webtiles) character file.

Game seed: 12942510280599242861

23 powerkranz the Trooper (level 2, 33/33 HPs)
             Began as an Ogre Berserker on May 26, 2022.
             Was a Follower of Trog.
             Quit the game on level 1 of the Dungeon on Aug 21, 2023.
             The game lasted 00:02:44 (1000 turns).

powerkranz the Trooper (Ogre Berserker)             Turns: 1000, Time: 00:02:45

Health: 33/33      AC:  3    Str: 20    XL:     2   Next: 95%
Magic:  2/2        EV: 10    Int:  8    God:    Trog [*.....]
Gold:   61         SH:  0    Dex:  8    Spells: 1/1 levels left

rFire   . . .        a - +0 hand axe
rCold   . . .        (no shield)
rNeg    . . .        b - +0 animal skin
rPois   .            (helmet restricted)
rElec   .            (no cloak)
rCorr   .            (gloves unavailable)
SInv    .            (boots unavailable)
Will    .....        (no amulet)
Stlth   +            (no ring)
HPRegen 0.25/turn    (no ring)
MPRegen 0.08/turn

%: no passive effects
@: no status effects
A: large, unfitting armour, tough skin 1
a: Renounce Religion, Berserk


You were on level 1 of the Dungeon.
You worshipped Trog.
Trog was aware of your devotion.
You visited 1 branch of the dungeon, and saw 1 of its levels.

You collected 61 gold pieces.

Inventory:

Hand Weapons
 a - a +0 hand axe (weapon)
 f - a +2 whip of freezing
Armour
 b - a +0 animal skin (worn)
Scrolls
 d - a scroll of blinking {unknown}
 g - 2 scrolls of identify {unknown}
Potions
 c - 2 potions of mutation {unknown}
 e - a potion of might {unknown}


   Skills:
 + Level 4.8 Fighting
 + Level 3.4 Axes
 + Level 2.8 Dodging


You had one spell level left.
You didn't know any spells.
Your spell library was empty.

Dungeon Overview and Level Annotations

Branches:
Dungeon (1/15)

Altars:


Innate Abilities, Weirdness & Mutations

You are too large for most types of armour.
You have tough skin. (AC +1)


Message History

You closely miss the ball python.
The ball python bites you but does no damage.
You closely miss the ball python.
The ball python bites you but does no damage.
The ball python barely misses you.
You hit the ball python.
The ball python is moderately wounded.
The ball python bites you.
You closely miss the ball python.
The ball python is moderately wounded.
The ball python bites you.
You hit the ball python. Your punch misses the ball python.
The ball python is severely wounded.
The ball python barely misses you.
The ball python bites you but does no damage.
You hit the ball python.
You kill the ball python!
Trog accepts your kill.
There is a stone staircase leading down here.
Found a dagger.
You see here a +0 dagger.
Found a mace.
You see here a +0 mace.
You now have 56 gold pieces (gained 14).
g - 2 scrolls labelled YJAXZI XYOREP (gained 1)
You now have 61 gold pieces (gained 5).
You open the door.
A goblin comes into view. It is wielding a +0 dagger.
The goblin shouts!
A goblin is nearby!
There is an open door here.
The goblin misses you.
You closely miss the goblin. The goblin hits you with a +0 dagger.
You barely miss the goblin. The goblin hits you with a +0 dagger.
You hit the goblin.
You kill the goblin!
Trog accepts your kill.
You see here a +0 dagger.
Found a stone staircase leading down.
Are you sure you want to abandon this character and quit the game? (Confirm with "yes".)

.#.# ...# .# .#.# .#
.#.# .# .#.# .# .#.####
.# ......# .#
......###########.######
......'.).......@.......
......###########.......
......... ......>
........... ....###
.########## ###.#
.........# .# .#####..##
# .........#
.#######.#####


There were no monsters in sight!

Vanquished Creatures
  A dart slug (D:1)
  A giant cockroach (D:1)
  2 goblins (D:1)
  A hobgoblin (D:1)
  4 jackals (D:1)
  2 kobolds (D:1)
  A quokka (D:1)
  5 ball pythons (D:1)
  A frilled lizard (D:1)
  A rat (D:1)
19 creatures vanquished.

Notes
Turn   | Place    | Note
-------+----------+-------------------------------------------
     0 | D:1      | powerkranz the Ogre Berserker began the quest for the Orb.
     0 | D:1      | Reached XP level 1. HP: 24/24 MP: 1/1
    89 | D:1      | Found a faded altar of an unknown god.
   356 | D:1      | Reached XP level 2. HP: 31/33 MP: 2/2
   526 | D:1      | Upgraded the game from 0.29-a0-490-g77b3608bb8 to
                  | 0.31-a0-609-g7bf6ffcfed
  1000 | D:1      | Quit the game

Illustrated notes

Levels and vault maps discovered:
D:1:      dpeg_arrival_yet_another_circle, layout_basic,
          dreamdust_ecumenical_altar_grove

Action                     || total
---------------------------++-------
  Melee: Hand axe          ||    63
         Punch             ||     2
   Stab: Sleeping          ||     1
 Armour: Animal skin       ||    28
  Dodge: Dodged            ||    46

Table legend: (Time is in decaauts)
 A = Elapsed time spent in this place.
 B = Non-inter-level travel time spent in this place.
 C = Inter-level travel time spent in this place.
 D = Time resting spent in this place.
 E = Time spent auto-exploring this place.
 F = Levels seen in this place.
 G = Mean time per level.
                   A        B        C        D        E       F      G
               +--------+--------+--------+--------+--------+-----+--------+
         Total |   1008 |   1003 |      5 |      0 |    791 |   1 | 1008.0 |
       Dungeon |   1008 |   1003 |      5 |      0 |    791 |   1 | 1008.0 |
               +--------+--------+--------+--------+--------+-----+--------+

Top non-repeatable levels by time:
     D:1: 1008 daAuts
